 Dungeon Crawl Stone Soup version 0.17-a0-2109-g117576f (webtiles) character file.

46 septik the Magician (level 3, -4/24 HPs)
             Began as a Mummy Wizard on Oct 19, 2015.
             Slain by Terence
             ... wielding a +0 flail
              (7 damage)
             ... on level 2 of the Dungeon.
             The game lasted 00:07:07 (2177 turns).

septik the Magician (Mummy Wizard)                  Turns: 2177, Time: 00:07:07

Health: -4/24      AC:  2    Str: 10    XL:     3   Next: 46%
Magic:  0/8        EV: 12    Int: 18    God:
Gold:   66         SH:  0    Dex: 10    Spells: 2 memorised, 6 levels left

rFire  x . .     SeeInvis .     f - +0 dagger (curse)
rCold  + . .     Clarity  .     a - +0 robe
rNeg   + + +     SustAt   .     (no shield)
rPois  ∞         Gourm    .     b - +0 hat
rElec  .         Spirit   .     (no cloak)
rCorr  .         Warding  .     (no gloves)
rMut   .         Stasis   .     (no boots)
MR     .....                    (no amulet)
Stlth  ++........               (no ring)
                                (no ring)

@: not resistant to hostile enchantments, unstealthy
A: no food or potions, fire vulnerability, cold resistance 1, negative energy
resistance 3, torment resistance, unbreathing
a: no special abilities


You were on level 2 of the Dungeon.
You were not hungry.

You visited 1 branch of the dungeon, and saw 2 of its levels.

You collected 66 gold pieces.

Inventory:

Hand Weapons
 f - a cursed +0 dagger (weapon)
Missiles
 d - 21 stones (quivered)
Armour
 a - a +0 robe (worn)
 b - a +0 hat (worn)
Scrolls
 e - a scroll of remove curse {unknown}
 g - a scroll of teleportation {unknown}
 h - a scroll of identify {unknown}
 i - a scroll of recharging {unknown}
 j - a scroll of fear {unknown}
Books
 c - a book of Minor Magic

   Spells                             Type                      Level
   a - Magic Dart                     Conjuration                  1
   b - Blink                          Translocation                2
   c - Call Imp                       Summoning                    2
   d - Repel Missiles                 Charms/Air                   2
   e - Slow                           Hexes                        2
   f - Conjure Flame                  Conjuration/Fire             3
   g - Mephitic Cloud                 Conjuration/Poison/Air       3


   Skills:
 - Level 1.5 Dodging
 - Level 1.5 Stealth
 + Level 3.6 Spellcasting
 - Level 1.6 Conjurations
 * Level 1.3 Summonings
   Level 0.7 Translocations


You had 6 spell levels left.
You knew the following spells:

 Your Spells              Type           Power        Failure   Level  Hunger
a - Magic Dart            Conj           #...         10%         1    N/A
b - Call Imp              Summ           #.......     14%         2    N/A

Dungeon Overview and Level Annotations

Branches:
Dungeon (2/15)

Altars:
Dithmenos

Annotations:
D:2 Terence


Innate Abilities, Weirdness & Mutations

You do not eat or drink.
Your flesh is vulnerable to fire.
You are immune to poison.
Your flesh is cold resistant.
You are immune to negative energy.
You are immune to unholy pain and torment.
You can survive without breathing.


Message History

* * * LOW HITPOINT WARNING * * *
Your crimson imp hits the worm.
Found a stone staircase leading down.
Terence hits you with a flail.
* * * LOW HITPOINT WARNING * * *
Casting: Call Imp
Confirm with . or Enter, or press ? or * to list all spells.
You don't have enough magic to cast that spell.
Terence closely misses you.
Casting: Call Imp
Confirm with . or Enter, or press ? or * to list all spells.
A beastly little devil appears in a puff of flame.
Terence shouts, "Get ready for death!"
Terence closely misses you.
You swap places.
Terence hits your crimson imp with a flail.
Terence closely misses your crimson imp.
Your crimson imp blinks!
Terence hits you with a flail!
You die...

..........####.###.......h.
# .##.......#
#..#..?........ .###......#
##.###.÷......g ..##......#
#.# #.......... ..........#
#.###...... ..........#
#..#....%..
.........#######÷.#
.)....%........##.##
.........5.###..@@.##
.........#w# #####.÷####
......5..#.#######..5..#
.........#...#....##......
.....<..####.#....# #...##
#......###........# ...#
#####.###.................
#.# #................. #.#
#....#....##......


You could see Terence and a friendly crimson imp.

Vanquished Creatures
  An ooze (D:1)
  2 giant geckos (D:2)
  2 ball pythons (D:1)
  4 bats
  A hobgoblin (D:1)
  5 jackals
  3 kobolds
  3 giant newts (D:1)
  9 goblins
  7 rats
37 creatures vanquished.

Vanquished Creatures (collateral kills)
  A worm (D:1)
  A bat (D:1)
2 creatures vanquished.

Grand Total: 39 creatures vanquished

Notes
Turn   | Place    | Note
--------------------------------------------------------------
     0 | D:1      | septik the Mummy Wizard began the quest for the Orb.
     0 | D:1      | Reached XP level 1. HP: 13/13 MP: 4/4
    98 | D:1      | Reached skill level 1 in Conjurations
   153 | D:1      | Reached XP level 2. HP: 5/19 MP: 1/6
  1150 | D:1      | Reached XP level 3. HP: 24/24 MP: 4/8
  1154 | D:1      | Learned a level 2 spell: Call Imp
  1329 | D:1      | Reached skill level 1 in Summonings
  2097 | D:2      | Found a shadowy altar of Dithmenos.
  2148 | D:2      | Noticed Terence
  2177 | D:2      | Slain by Terence

Vault maps used:
D:1:      lightli_arrival_maybe_door_vault
D:2:      minmay_fountain_box, nicolae_dithmenos_shadow_blocks, uniq_terence

Action                   || total
-------------------------++-------
Melee: Unarmed           ||    12
       Dagger            ||     8
Throw: Stone             ||     2
 Cast: Magic Dart        ||    89
       Call Imp          ||     8
